 Dungeon Crawl Stone Soup version 0.16-a0-3212-g68818ff (webtiles) character file.

74 Johnny the Bolt Thrower (level 4, -1/34 HPs)
             Began as a Mummy Hunter on Dec 19, 2014.
             Shot with a stone by a goblin (4 damage)
             ... led by Robin
             ... on level 2 of the Dungeon.
             The game lasted 00:01:31 (767 turns).

Johnny the Bolt Thrower (Mummy Hunter)               Turns: 767, Time: 00:01:31

Health: -1/34      AC:  5    Str: 15    XL:     4   Next: 9%
Magic:  4/4        EV: 12    Int: 10    God:
Gold:   34         SH:  0    Dex: 13    Spells: 0 memorised, 3 levels left

rFire  x . .     SeeInvis .     f - +2 dagger (speed)
rCold  + . .     Clarity  .     i - +0 leather armour (curse)
rNeg   + + +     SustAb   .     (no shield)
rPois  ∞         Gourm    .     (no helmet)
rElec  .         Spirit   .     j - +0 cloak
rCorr  .         Warding  .     (no gloves)
rMut   .         Stasis   .     h - +0 pair of boots
MR     .....                    (no amulet)
Stlth  +.........               (no ring)
                                (no ring)

@: not resistant to hostile enchantments, very unstealthy
A: no food or potions, fire vulnerability, restore body, cold resistance 1,
negative energy resistance 3, poison resistance, torment resistance, unbreathing
a: no special abilities


You were on level 2 of the Dungeon.
You were not hungry.

You visited 1 branch of the dungeon, and saw 2 of its levels.

You collected 34 gold pieces.

Inventory:

Hand weapons
 a - a +0 short sword
 b - a +1 hand crossbow
 f - a +2 dagger of speed (weapon)
Missiles
 c - 5 bolts
Armour
 h - a +0 pair of boots (worn)
 i - a cursed +0 leather armour (worn)
 j - a +0 cloak (worn)
Jewellery
 k - an uncursed amulet of clarity {unknown}
Scrolls
 d - a scroll of identify {unknown}
 e - a scroll of noise {unknown}
 g - a scroll of enchant weapon {unknown}


   Skills:
 + Level 2.6 Fighting
 * Level 4.0 Crossbows
 + Level 2.2 Dodging
 - Level 0.7 Stealth


You had 3 spell levels left.
You didn't know any spells.

Dungeon Overview and Level Annotations

Branches:
Dungeon (2/15)

Altars:
Ashenzari
Cheibriados


Innate Abilities, Weirdness & Mutations

You do not eat or drink.
Your flesh is vulnerable to fire.
Your flesh is cold resistant.
You are immune to negative energy.
Your system is resistant to poisons.
You are immune to unholy pain and torment.
You can survive without breathing.


Message History

* * * LOW HITPOINT WARNING * * *
Items here: (( ))) [[ ††††† You hit the goblin.
You kill the goblin!
The goblin shoots a stone.
The stone hits you but does no damage.
Items here: ( )) †† a club; 2 bolts; a club; a goblin corpse; a goblin corpse
Items here: (( ))) [[ †††††
Items here: ( )) †† a club; 2 bolts; a club; a goblin corpse; a goblin corpse
c - 2 bolts
Items here: )) †† a club x2 a goblin corpse x2
The goblin shoots a stone.
The stone hits you.
* * * LOW HITPOINT WARNING * * *
c - 5 bolts (gained 3)
Items here: ( ))) [[ ††††† The goblin shoots a stone.
The stone hits you.
You die...

...............######..
.####..##.##...#......
.####..##.##......... .
................ ... ..
.####..##.###..# #.# (#
.....†.##.#
#..###.##..###
.#####.##†#
#..............
###.##.###g.###(##.####
#....†.......@))........
###.##.###..###(##.####
#.#### #..# #.# #
.#####.######.......
.....................
.############.........
#...##.#### #.#.##.#
#### #


You could see a goblin.

Vanquished Creatures
  Robin (D:2)
  An adder (D:2)
  A worm (D:2)
  An ooze (D:1)
  2 bats (D:1)
  13 goblins
  4 hobgoblins
  8 jackals
  3 kobolds
  A ball python (D:1)
  3 giant cockroaches
  A giant newt (D:1)
  A quokka (D:2)
  3 rats (D:1)
43 creatures vanquished.

Notes
Turn   | Place    | Note
--------------------------------------------------------------
     0 | D:1      | Johnny, the Mummy Hunter, began the quest for the Orb.
     0 | D:1      | Reached XP level 1. HP: 16/16 MP: 1/1
   138 | D:1      | Reached XP level 2. HP: 19/22 MP: 2/2
   570 | D:2      | Found a shattered altar of Ashenzari.
   589 | D:2      | Found a snail-covered altar of Cheibriados.
   604 | D:2      | Reached XP level 3. HP: 28/28 MP: 3/3
   704 | D:2      | Noticed Robin
   713 | D:2      | Killed Robin
   729 | D:2      | Reached skill level 4 in Crossbows
   739 | D:2      | Reached XP level 4. HP: 23/34 MP: 4/4
   767 | D:2      | Shot with a stone by a goblin

Action                   |  1- 3 |  4- 6 || total
-------------------------+-------+-------++-------
Melee: Dagger            |    25 |    16 ||    41
 Fire: Hand crossbow     |    74 |       ||    74
